[Event "OeISM_Rapid_u12_Girls"]
[Site "AUT_girls_U12"]
[Date "2020.12.13"]
[Round "5"]
[White "Chessellis"]
[Black "Leefke Giselbrecht"]
[Result "1-0"]
[WhiteElo "1696"]
[BlackElo "1414"]
[Annotator "NA"]
[PlyCount "45"]
[EventDate "2020.12.13"]
[EventType "blitz"]
[TimeControl "600+3"]

1. e4 d5 2. exd5 Qxd5 3. Nc3 Qd8 4. d4 Nf6 5. Nf3 Bf5 6. Bd3 e6 7. O-O Bd6 8. Re1 O-O 9. Bg5 Nbd7 10. Bxf5 exf5 11. Nd5 c6 12. Nxf6+ Nxf6 13. Qd3 Be7 14. Qxf5 Qd6 15. c3 Rfe8 16. Re2 h6 17. Bh4 Nd5 18. Rae1 Nf6 19. Bxf6 gxf6 20. Nh4 Rad8 21. Qg4+ Kh8 22. Nf5 Qd7 23. Qg7# {[%emt 0:00:05] Mate Mate} 1-0

[Event "OeISM_Rapid_u12_Girls"]
[Site "AUT_girls_U12"]
[Date "2020.12.13"]
[Round "5"]
[White "BiancaD"]
[Black "Efiona2008"]
[Result "1-0"]
[WhiteElo "1593"]
[BlackElo "1406"]
[Annotator "NA"]
[PlyCount "95"]
[EventDate "2020.12.13"]
[EventType "blitz"]
[TimeControl "600+3"]

1. e4 e5 2. Nf3 Nc6 3. Bc4 Bc5 4. O-O Nf6 5. Nc3 Nd4 6. Nxd4 exd4 7. Nd5 Nxe4 8. Re1 O-O 9. Rxe4 b6 10. c3 Bb7 11. cxd4 Bb4 12. Qe2 a6 13. Nxb4 Bxe4 14. Qxe4 Re8 15. Qc2 b5 16. Bd3 g6 17. h3 a5 18. Nd5 b4 19. Be4 Rb8 20. d3 c6 21. Nf4 Qc7 22. d5 Rbc8 23. dxc6 dxc6 24. Be3 c5 25. Rc1 c4 26. Qxc4 Qxc4 27. Rxc4 Rxc4 28. dxc4 Rxe4 29. c5 Kf8 30. Kf1 Ke7 31. Ke2 Rc4 32. Kd3 Rxf4 33. Bxf4 Kd7 34. Kd4 Kc6 35. g4 a4 36. f3 f6 37. h4 h6 38. g5 fxg5 39. hxg5 h5 40. Bg3 Kd7 41. Kd5 Kc8 42. Kc6 Kd8 43. Kb7 Kd7 44. c6+ Ke6 45. c7 Kf5 46. c8=Q+ Kxg5 47. f4+ Kh6 48. Qh8# {[%emt 0:00:01] Mate Mate} 1-0

[Event "OeISM_Rapid_u12_Girls"]
[Site "AUT_girls_U12"]
[Date "2020.12.13"]
[Round "5"]
[White "LBchessqueen"]
[Black "HarryPotter09"]
[Result "1-0"]
[WhiteElo "1583"]
[BlackElo "1459"]
[Annotator "NA"]
[PlyCount "73"]
[EventDate "2020.12.13"]
[EventType "blitz"]
[TimeControl "600+3"]

1. c4 e5 2. d3 Nf6 3. g3 d5 4. cxd5 Nxd5 5. Nc3 Nc6 6. Bg2 Be6 7. Nf3 f6 8. O-O Qd7 9. Bd2 Bh3 10. Nxd5 Bxg2 11. Nxc7+ Qxc7 12. Kxg2 Bc5 13. Rc1 Bb6 14. b4 a6 15. a4 Qd6 16. Qb3 Nd4 17. Nxd4 Bxd4 18. Bc3 Bxc3 19. Rxc3 Qd4 20. Qe6+ Kf8 21. Rfc1 Qd8 22. Rc8 Rxc8 23. Rxc8 Qxc8 24. Qxc8+ Kf7 25. Qxh8 Kg6 26. Qc8 b5 27. Qxa6 bxa4 28. Qxa4 h6 29. b5 Kf5 30. b6 g5 31. b7 h5 32. b8=Q h4 33. Qe4+ Ke6 34. Qb6+ Kf7 35. Qc7+ Ke8 36. Qeh7 Kf8 37. Qh8# {[%emt 0:00:01] Mate Mate} 1-0

[Event "OeISM_Rapid_u12_Girls"]
[Site "AUT_girls_U12"]
[Date "2020.12.13"]
[Round "5"]
[White "Athene"]
[Black "Jaguarjungle"]
[Result "0-1"]
[WhiteElo "1579"]
[BlackElo "1421"]
[Annotator "NA"]
[PlyCount "52"]
[EventDate "2020.12.13"]
[EventType "blitz"]
[TimeControl "600+3"]

1. e4 e5 2. Nf3 Nc6 3. d4 exd4 4. Bc4 Bc5 5. c3 dxc3 6. Nxc3 Nge7 7. O-O O-O 8. Bg5 h6 9. Bh4 d6 10. Re1 Bg4 11. h3 Bh5 12. Qd3 Qd7 13. Rad1 b6 14. Rd2 a5 15. e5 Rfe8 16. exd6 Bxd6 17. Ne5 Nxe5 18. Qd4 Nxc4 19. Qxc4 Rad8 20. Nd5 c6 21. Nxb6 Qc7 22. Bxe7 Bh2+ 23. Kf1 Rxd2 24. Bd6 Rxe1+ 25. Kxe1 Qxd6 26. Qc3 Rd1# {[%emt 0:00:10] Mate Mate} 0-1

[Event "OeISM_Rapid_u12_Girls"]
[Site "AUT_girls_U12"]
[Date "2020.12.13"]
[Round "5"]
[White "Orchidee14"]
[Black "Ju_Fa29"]
[Result "0-1"]
[WhiteElo "1367"]
[BlackElo "1735"]
[Annotator "NA"]
[PlyCount "32"]
[EventDate "2020.12.13"]
[EventType "blitz"]
[TimeControl "600+3"]

1. e4 e5 2. Nf3 Nc6 3. d4 exd4 4. Nxd4 Nf6 5. Nc3 Bc5 6. Nxc6 bxc6 7. Bg5 Be7 8. e5 Nd5 9. Bxe7 Qxe7 10. Nxd5 Qxe5+ 11. Ne3 Qxb2 12. Qg4 Qxa1+ 13. Nd1 O-O 14. Bd3 Re8+ 15. Kf1 d6 16. Qh4 Qxd1# {[%emt 0:00:09] Mate Mate} 0-1

[Event "OeISM_Rapid_u12_Girls"]
[Site "AUT_girls_U12"]
[Date "2020.12.13"]
[Round "6"]
[White "LBchessqueen"]
[Black "Athene"]
[Result "1-0"]
[WhiteElo "1594"]
[BlackElo "1511"]
[Annotator "NA"]
[PlyCount "53"]
[EventDate "2020.12.13"]
[EventType "blitz"]
[TimeControl "600+3"]

1. c4 c5 2. d3 Nc6 3. g3 d6 4. Bg2 Nf6 5. Nc3 g6 6. Bg5 Bg7 7. Qd2 d5 8. Nxd5 Nxd5 9. Bxd5 f6 10. Bh6 Bxh6 11. Qxh6 Qd6 12. Qg7 Rf8 13. Qxh7 Be6 14. Qxg6+ Kd7 15. Bxe6+ Qxe6 16. Nf3 Rg8 17. Qe4 Qxe4 18. dxe4 e5 19. O-O-O+ Kc7 20. Rd5 b6 21. Rhd1 Nd4 22. Nxd4 cxd4 23. e3 dxe3 24. fxe3 Rh8 25. Rd7+ Kc6 26. b4 Rxh2 27. R1d6# {[%emt 0:00:02] Mate Mate} 1-0

[Event "OeISM_Rapid_u12_Girls"]
[Site "AUT_girls_U12"]
[Date "2020.12.13"]
[Round "6"]
[White "HarryPotter09"]
[Black "Leefke Giselbrecht"]
[Result "1-0"]
[WhiteElo "1448"]
[BlackElo "1408"]
[Annotator "NA"]
[PlyCount "43"]
[EventDate "2020.12.13"]
[EventType "blitz"]
[TimeControl "600+3"]

1. e4 c5 2. Nf3 Nc6 3. d4 cxd4 4. Nxd4 g6 5. Nc3 Bg7 6. Be3 Nf6 7. f3 d5 8. exd5 Nxd5 9. Nxd5 Qxd5 10. Nxc6 Qxc6 11. Qd2 O-O 12. O-O-O Qf6 13. Bd4 e5 14. Bc5 Re8 15. Bb5 e4 16. Bd4 e3 17. Bxf6 exd2+ 18. Rxd2 Re6 19. Rd8+ Bf8 20. Bg5 Re5 21. Bh6 Rxb5 22. Rxf8# {[%emt 0:00:05] Mate Mate} 1-0